cohdb
Replays
Latest Replays
All Replays
Popular Replays
Top Player Replays
Match Explorer
How It Works
Community
CoH3 Stats
Reddit
Sign in to upload your games and track your stats! →
Sign in with Steam
Match 43159568
Unlisted
Match 43159568
Overview
Messages
Build Orders
End
Panzergrenadier Squad
Panzergrenadier Squad
250 Light Carrier
Construct Light Support Kompanie
Combat Half-tracks
Assault Grenadier Squad
Fire Support Elements
Flakvierling Half-track
Panzerjäger Mechanized Group
Veteran Squad Leaders
Construct Panzerarmee Kommand
Panzer III L Medium Tank
2.5-tonne Medical Truck
Tungsten Core Ammunition
Emergency Repair Kits
Selects Panzerjäger Kommand Battlegroup
Selects Mine Fields
Selects Defensive Positions
Selects Butterfly Bomb Drop
Butterfly Bomb Drop
Selects Tank Busters
Selects Crew Shock Tactics
Armored Reserves
Tiger Heavy Tank
Butterfly Bomb Drop
A2O
Padet
MZMZ
jerjawe
rangeman
yylyoo
摩诘
神鹰
0
0
Comments
sign in to comment!
No comments posted yet!